Map: Lightshade LE

Players

PiLiPiLi - Winner!

  • Race: Protoss Protoss
  • League: Grandmaster
  • Spawn Location: 11:00

DisK

  • Race: Protoss Protoss
  • League: Master
  • Spawn Location: 5:00

VOD

Have the link to the VOD?

Description

Time

  • Played on: Feb. 22, 2021, 7:41 p.m.
  • Length: 10:54
Show
View Real Time Build Order
Export as new Build Order

PiLiPiLi Protoss - Winner!

Build Orders: Phoenix Opening 

Get SALT Encoding   

  12  0:00  Probe  
  13  0:12  Probe  
  14  0:17  Pylon  
  14  0:24  Probe (Chrono Boost)  
  15  0:37  Gateway, Probe (Chrono Boost)  
  16  0:44  Probe (Chrono Boost)  
  16  0:46  Assimilator  
  17  0:51  Probe  
  17  0:55  Assimilator  
  18  1:03  Probe (Chrono Boost)  
  19  1:07  Gateway  
  19  1:15  Probe (Chrono Boost)  
  20  1:22  Probe (Chrono Boost)  
  20  1:24  Cybernetics Core  
  21  1:31  Probe  
  22  1:35  Pylon  
  22  1:43  Probe  
  23  1:55  Probe  
  23  2:01  Stalker x2  
  28  2:04  Warp Gate (Chrono Boost)  
  28  2:07  Probe  
  29  2:16  Pylon  
  29  2:19  Probe  
  30  2:31  Probe  
  31  2:42  Stalker, Sentry  
  34  2:53  Nexus  
  34  2:55  Probe  
  35  3:01  Shield Battery  
  35  3:07  Probe  
  36  3:18  Twilight Council  
  36  3:19  Probe  
  37  3:25  Forge  
  37  3:30  Phoenix  
  37  3:31  Probe  
  38  3:46  Stalker  
  39  3:50  Pylon  
  39  3:53  Shield Battery  
  39  4:04  Probe  
  39  4:05  Stalker, Probe  
  43  4:11  Blink (Chrono Boost)  
  43  4:17  Stalker  
  43  4:20  Probe  
  42  4:25  Probe  
  41  4:32  Stalker, Probe  
  41  4:35  Pylon  
  43  4:39  Probe  
  43  4:44  Probe  
  41  4:49  Protoss Ground Weapons Level 1 (Chrono Boost)  
  41  4:51  Probe  
  42  4:55  Stalker  
  42  4:56  Probe  
  45  5:02  Stalker  
  45  5:03  Probe  
  46  5:08  Probe  
  47  5:15  Probe  
  47  5:20  Probe  
  49  5:23  Robotics Facility  
  49  5:26  Stalker  
  49  5:27  Probe  
  52  5:31  Stalker  
  52  5:32  Probe  
  55  5:39  Probe  
  55  5:40  Pylon  
  55  5:42  Pylon  
  56  5:45  Probe  
  56  5:48  Gateway  
  57  5:51  Stalker  
  57  5:52  Probe  
  57  5:56  Pylon  
  60  6:10  Nexus  
  60  6:12  Probe  
  60  6:13  Probe  
  62  6:24  Probe  
  61  6:26  Probe  
  61  6:27  Stalker x2  
  61  6:32  Assimilator  
  66  6:37  Observer (Chrono Boost)  
  67  6:42  Gateway, Probe  
  67  6:45  Gateway  
  67  6:46  Probe  
  69  6:52  Stalker x3  
  73  7:00  Probe  
  72  7:03  Protoss Ground Weapons Level 2 (Chrono Boost)  
  73  7:08  Probe  
  73  7:13  Gateway, Probe  
  74  7:17  Shield Battery  
  74  7:19  Shield Battery  
  74  7:20  Probe  
  74  7:22  Photon Cannon x2  
  75  7:28  Pylon  
  75  7:32  Stalker x2  
  75  7:34  Probe x2  
  75  7:36  Probe  
  82  7:39  Observer (Chrono Boost)  
  82  7:42  Assimilator  
  83  7:45  Dark Shrine  
  83  7:46  Probe  
  84  7:55  Stalker  
  78  8:01  Stalker  
  76  8:05  Stalker  
  76  8:07  Zealot x2  
  76  8:10  Zealot  
  82  8:19  Immortal (Chrono Boost)  
  82  8:20  Stalker  
  82  8:22  Shield Battery  
  86  8:28  Zealot x3  
  90  8:36  Gateway  
  90  8:39  Gateway  
  90  8:41  Stalker, Pylon  
  90  8:42  Stalker, Pylon  
  90  8:44  Stalker  
  85  9:00  Stalker  
  85  9:01  Stalker x2  
  79  9:07  Stalker x2, Zealot  
  77  9:18  Probe x2  
  77  9:22  Assimilator x2  
  77  9:26  Dark Templar  
  77  9:33  Stalker x3  
  77  9:34  Warp Prism  
  85  9:39  Pylon  
  85  9:40  Pylon  
  85  9:43  Observer  
  80  9:50  Pylon  
  78  9:53  Probe x3  
  81  10:00  Stalker x3  
  87  10:14  Stalker x3  
  87  10:18  Stalker  
  91  10:30  Dark Templar  
  91  10:31  Zealot x3  
  89  10:43  Stalker  
  89  10:44  Stalker x3  
Show
View Real Time Build Order
Export as new Build Order

DisK Protoss 

Build Orders:  

Get SALT Encoding   

  12  0:00  Probe  
  13  0:12  Probe  
  14  0:17  Pylon  
  14  0:24  Probe  
  15  0:36  Gateway  
  15  0:37  Probe (Chrono Boost)  
  16  0:46  Probe (Chrono Boost), Assimilator  
  17  0:51  Probe (Chrono Boost)  
  17  0:55  Assimilator  
  18  1:03  Probe (Chrono Boost)  
  19  1:09  Gateway  
  19  1:12  Probe (Chrono Boost)  
  20  1:19  Probe  
  20  1:24  Cybernetics Core  
  21  1:31  Probe  
  22  1:35  Pylon  
  22  1:43  Probe  
  23  1:55  Probe  
  23  1:59  Warp Gate (Chrono Boost)  
  24  2:01  Stalker x2  
  24  2:07  Probe  
  29  2:14  Pylon  
  29  2:19  Probe  
  29  2:21  Pylon  
  30  2:32  Stalker  
  30  2:34  Stalker  
  34  2:58  Pylon  
  34  2:59  Shield Battery  
  34  3:02  Stalker  
  34  3:04  Stalker  
  38  3:10  Probe  
  39  3:32  Nexus  
  38  3:47  Stalker x2  
  43  3:48  Probe (Chrono Boost)  
  43  3:52  Twilight Council  
  43  3:59  Pylon  
  43  4:13  Adept x2  
  47  4:17  Probe  
  48  4:27  Blink (Chrono Boost)  
  48  4:31  Probe  
  39  4:47  Probe (Chrono Boost)  
  39  4:50  Adept x2  
  39  4:51  Probe (Chrono Boost)  
  45  4:57  Probe (Chrono Boost)  
  45  4:59  Robotics Facility, Probe (Chrono Boost)  
  44  5:14  Probe (Chrono Boost)  
  44  5:18  Probe (Chrono Boost)  
  44  5:19  Sentry x2  
  47  5:22  Shield Battery  
  47  5:26  Gateway x2  
  48  5:30  Probe (Chrono Boost)  
  48  5:31  Probe (Chrono Boost)  
  48  5:34  Phoenix, Pylon  
  49  5:36  Probe  
  49  5:37  Probe  
  51  5:46  Gateway  
  51  5:47  Gateway  
  51  5:49  Probe  
  52  5:51  Observer  
  52  5:52  Probe  
  52  5:55  Assimilator  
  54  5:58  Stalker  
  54  6:02  Stalker  
  58  6:05  Pylon  
  58  6:13  Warp Prism  
  60  6:24  Stalker x2  
  60  6:25  Observer  
  60  6:31  Stalker  
  62  6:33  Stalker  
  64  6:44  Stalker  
  64  6:45  Stalker  
  68  6:51  Observer  
  68  6:54  Stalker x2  
  68  6:55  Stalker  
  62  7:11  Stalker x3  
  62  7:13  Probe x2  
  70  7:15  Pylon  
  69  7:31  Stalker x3  
  69  7:35  Stalker  
  69  7:36  Stalker  
  71  7:59  Stalker x3  
  71  8:05  Stalker  
  71  8:14  Stalker x2  
  75  8:23  Nexus  
  75  8:27  Stalker x2  
  75  8:32  Stalker  
  75  8:33  Zealot  
  79  8:35  Pylon  
  79  8:53  Stalker x3  
  79  8:59  Warp Prism  
  73  9:09  Stalker x2, Probe  
  76  9:15  Stalker  
  76  9:16  Stalker  
  80  9:28  Probe x2  
  80  9:39  Probe  
  80  9:40  Probe x2  
  81  9:48  Zealot x5  
  81  9:51  Probe  
  92  9:52  Probe  
  92  9:53  Probe  
  92  9:59  Stalker  
  95  10:02  Observer (Chrono Boost)  
  92  10:16  Stalker x2  
  92  10:20  Stalker  
  96  10:22  Adept  
  89  10:31  Adept  
  87  10:42  Stalker x2  
Tags
 
Add a new tag
Caveats
  • Supply blocks, unpowered buildings, or Contaminate may cause inaccurate times.
  • Supply counts are checked every 10 seconds.